Map: Dusk Towers

Players

Adonminus - Winner!

  • Race: Protoss Protoss
  • League: Master

Numi

  • Race: Protoss Protoss
  • League: Master

VOD

Have the link to the VOD?

Description

Time

  • Played on: March 14, 2016, 4:30 p.m.
  • Length: 15:52
Show
View Real Time Build Order
Export as new Build Order

Adonminus Protoss - Winner!

Build Orders: 1 Gate Expand, Oracle Opening 

Get SALT Encoding   

  12  0:00  Probe (Chrono Boost)  
  13  0:11  Probe (Chrono Boost)  
  14  0:21  Pylon  
  14  0:22  Probe (Chrono Boost)  
  15  0:40  Probe (Chrono Boost), Gateway  
  16  0:47  Assimilator  
  16  0:50  Probe (Chrono Boost)  
  17  1:01  Probe (Chrono Boost)  
  19  1:11  Probe (Chrono Boost)  
  19  1:22  Probe (Chrono Boost)  
  20  1:26  Nexus  
  20  1:34  Cybernetics Core  
  20  1:37  Probe (Chrono Boost)  
  21  1:42  Assimilator  
  21  1:49  Pylon  
  21  1:53  Probe (Chrono Boost)  
  22  2:03  Probe (Chrono Boost)  
  23  2:12  Warp Gate, Stalker (Chrono Boost)  
  23  2:15  Probe  
  26  2:27  Probe  
  27  2:39  Probe (Chrono Boost)  
  28  2:45  Stargate  
  29  2:51  Probe x2 (Chrono Boost)  
  29  2:55  Pylon  
  30  3:02  Probe x2 (Chrono Boost)  
  35  3:12  Probe (Chrono Boost)  
  35  3:13  Mothership Core (Chrono Boost)  
  35  3:23  Probe (Chrono Boost)  
  35  3:30  Assimilator x2, Oracle (Chrono Boost)  
  35  3:31  Probe (Chrono Boost)  
  35  3:32  Probe  
  40  3:42  Probe  
  40  3:43  Probe  
  40  3:45  Robotics Facility  
  42  3:51  Pylon  
  42  3:53  Probe, Gateway  
  42  3:55  Probe  
  44  4:03  Probe, Pylon  
  44  4:07  Probe  
  46  4:14  Probe  
  47  4:19  Probe  
  50  4:25  Void Ray (Chrono Boost)  
  50  4:27  Probe  
  53  4:32  Probe  
  53  4:33  Immortal  
  58  4:51  Probe  
  58  4:52  Probe  
  60  4:55  Stargate  
  60  4:58  Pylon  
  60  4:59  Pylon  
  60  5:01  Probe  
  60  5:02  Void Ray (Chrono Boost)  
  60  5:04  Probe  
  60  5:05  Pylon  
  66  5:12  Probe, Observer  
  68  5:21  Probe  
  69  5:23  Probe  
  70  5:34  Immortal  
  74  5:35  Nexus  
  74  5:37  Pylon  
  74  5:48  Probe  
  74  5:49  Probe  
  76  5:51  Void Ray (Chrono Boost)  
  76  5:53  Protoss Air Weapons Level 1  
  84  5:57  Void Ray (Chrono Boost)  
  84  5:58  Probe  
  84  5:59  Pylon  
  84  6:00  Sentry  
  84  6:02  Adept  
  89  6:13  Immortal  
  93  6:19  Probe  
  93  6:20  Probe  
  93  6:25  Assimilator  
  95  6:29  Assimilator  
  95  6:30  Pylon  
  95  6:31  Pylon  
  95  6:32  Void Ray (Chrono Boost)  
  99  6:46  Probe  
  99  6:48  Probe x2  
  99  6:50  Void Ray (Chrono Boost)  
  106  6:58  Probe  
  107  7:06  Probe  
  107  7:07  Void Ray (Chrono Boost)  
  107  7:08  Forge  
  108  7:13  Immortal (Chrono Boost)  
  116  7:20  Stargate  
  116  7:21  Pylon  
  116  7:23  Void Ray (Chrono Boost)  
  116  7:28  Pylon  
  120  7:32  Probe x2  
  122  7:40  Void Ray  
  130  7:51  Immortal (Chrono Boost)  
  130  7:57  Photon Cannon  
  130  7:59  Photon Cannon x2  
  130  8:01  Void Ray  
  130  8:02  Pylon x2  
  130  8:03  Adept  
  130  8:04  Adept  
  138  8:16  Void Ray  
  138  8:19  Void Ray  
  150  8:28  Immortal (Chrono Boost)  
  150  8:36  Pylon  
  150  8:49  Photon Cannon  
  150  8:51  Photon Cannon  
  150  8:53  Void Ray  
  150  8:55  Photon Cannon  
  150  8:56  Photon Cannon  
  150  8:58  Fleet Beacon  
  150  9:01  Photon Cannon  
  154  9:05  Void Ray  
  158  9:33  Carrier (Chrono Boost)  
  156  9:41  Carrier (Chrono Boost)  
  156  9:44  Protoss Air Weapons Level 2  
  168  9:45  Graviton Catapult  
  168  9:50  Photon Cannon  
  168  9:54  Photon Cannon  
  168  9:58  Photon Cannon  
  168  10:13  Pylon  
  168  10:15  Pylon  
  168  10:19  Pylon  
  168  10:21  Pylon  
  168  10:31  Carrier (Chrono Boost)  
  186  10:58  Carrier (Chrono Boost)  
  186  11:00  Nexus  
  186  11:01  Pylon  
  190  11:04  Carrier (Chrono Boost)  
  190  11:09  Observer  
  188  11:30  Observer  
  189  11:44  Photon Cannon  
  195  11:47  Photon Cannon, Carrier (Chrono Boost)  
  195  12:21  Nexus  
  195  12:22  Pylon  
  195  12:25  Carrier (Chrono Boost)  
  195  12:27  Protoss Air Weapons Level 3  
  200  12:40  Oracle (Chrono Boost)  
  200  12:44  Assimilator  
  200  12:46  Photon Cannon  
  200  12:48  Photon Cannon  
  200  12:50  Photon Cannon  
  200  12:52  Photon Cannon  
  200  12:55  Pylon  
  200  12:57  Assimilator  
  193  13:31  Carrier (Chrono Boost)  
  194  14:01  Photon Cannon  
  194  14:02  Photon Cannon  
  194  14:04  Photon Cannon x2  
  194  14:07  Photon Cannon  
  194  14:09  Photon Cannon  
  194  14:14  Probe  
  194  14:15  Probe x2  
  198  14:20  Oracle (Chrono Boost)  
  198  14:26  Adept  
  199  14:42  Photon Cannon  
  199  15:02  Photon Cannon  
  199  15:04  Photon Cannon  
Show
View Real Time Build Order
Export as new Build Order

Numi Protoss 

Build Orders: Nexus First, Zealot Archon 

Get SALT Encoding   

  12  0:00  Probe (Chrono Boost)  
  13  0:11  Probe (Chrono Boost)  
  14  0:17  Pylon  
  14  0:22  Probe (Chrono Boost)  
  15  0:35  Probe (Chrono Boost)  
  16  0:46  Probe (Chrono Boost)  
  17  0:57  Nexus  
  17  1:07  Gateway  
  18  1:11  Probe (Chrono Boost)  
  18  1:15  Assimilator  
  18  1:22  Probe (Chrono Boost)  
  18  1:23  Assimilator  
  19  1:32  Probe (Chrono Boost)  
  20  1:37  Gateway  
  20  1:43  Probe (Chrono Boost)  
  21  1:54  Cybernetics Core  
  21  1:56  Probe (Chrono Boost)  
  22  2:06  Probe (Chrono Boost)  
  23  2:12  Probe (Chrono Boost)  
  24  2:17  Probe (Chrono Boost)  
  26  2:22  Probe (Chrono Boost)  
  27  2:30  Adept x2 (Chrono Boost)  
  27  2:32  Warp Gate  
  27  2:33  Probe  
  27  2:35  Mothership Core (Chrono Boost)  
  33  2:40  Pylon  
  33  2:45  Probe (Chrono Boost)  
  33  2:56  Probe (Chrono Boost)  
  33  2:57  Probe (Chrono Boost)  
  35  3:01  Twilight Council  
  35  3:06  Probe (Chrono Boost)  
  35  3:07  Probe (Chrono Boost)  
  35  3:09  Stalker (Chrono Boost)  
  35  3:10  Stalker (Chrono Boost)  
  41  3:17  Pylon  
  41  3:20  Probe x2  
  43  3:32  Probe x2 (Chrono Boost)  
  45  3:40  Stalker x2  
  49  3:43  Probe (Chrono Boost)  
  49  3:47  Probe (Chrono Boost)  
  51  3:49  Pylon  
  51  4:02  Pylon  
  51  4:04  Pylon  
  51  4:05  Probe x2 (Chrono Boost)  
  51  4:08  Assimilator  
  53  4:13  Assimilator  
  53  4:18  Probe x2 (Chrono Boost), Robotics Facility  
  55  4:31  Probe x2 (Chrono Boost)  
  57  4:41  Probe (Chrono Boost)  
  57  4:42  Probe (Chrono Boost)  
  57  4:45  Stalker  
  59  4:48  Stalker  
  59  4:52  Probe x2 (Chrono Boost)  
  62  4:54  Pylon  
  62  5:02  Probe (Chrono Boost)  
  62  5:03  Probe (Chrono Boost)  
  64  5:13  Probe (Chrono Boost), Nexus  
  65  5:14  Pylon  
  65  5:19  Probe (Chrono Boost)  
  66  5:23  Stalker x2  
  66  5:25  Observer  
  66  5:27  Gateway  
  71  5:30  Gateway  
  71  5:32  Pylon  
  71  5:35  Probe x2 (Chrono Boost)  
  73  5:41  Charge (Chrono Boost)  
  73  5:47  Templar Archives  
  69  5:52  Gateway  
  69  5:53  Warp Prism (Chrono Boost)  
  69  5:54  Gateway  
  69  5:55  Probe x2  
  73  6:06  Pylon  
  73  6:07  Probe  
  74  6:14  Gateway x2  
  73  6:19  Probe  
  73  6:21  Probe  
  73  6:25  Probe, Pylon  
  75  6:30  Probe  
  77  6:33  Probe  
  77  6:35  Probe  
  77  6:37  High Templar x2  
  83  6:40  Probe  
  83  6:41  Assimilator  
  83  6:43  Archon  
  83  6:44  High Templar x2  
  83  6:45  Assimilator, Probe  
  83  6:46  Probe  
  89  6:48  Archon  
  89  6:51  Probe  
  91  6:57  Probe  
  92  7:03  Probe x2  
  94  7:09  Probe  
  94  7:11  High Templar  
  94  7:12  Zealot x3, High Templar  
  94  7:13  Zealot  
  107  7:16  Pylon  
  107  7:17  Archon  
  107  7:28  High Templar x2  
  111  7:36  Archon  
  111  7:37  Zealot x2, Pylon  
  113  7:38  Zealot x2, Pylon  
  113  7:41  Gateway  
  113  7:43  Gateway  
  119  7:49  Adept  
  119  7:50  Adept  
  123  7:52  Gateway  
  123  7:59  Adept x2  
  123  8:01  High Templar x2  
  123  8:02  Zealot x2  
  135  8:07  Pylon  
  135  8:10  Pylon  
  135  8:13  Zealot x2, Psionic Storm  
  135  8:15  Archon  
  139  8:20  Zealot x2  
  139  8:26  Blink  
  143  8:30  Dark Shrine  
  143  8:39  Forge, Nexus  
  143  8:40  Forge  
  143  8:42  Pylon  
  143  8:47  Pylon  
  143  9:01  Probe  
  143  9:02  High Templar x3  
  149  9:03  Probe  
  149  9:04  High Templar  
  153  9:10  High Templar  
  153  9:14  Photon Cannon  
  153  9:16  Photon Cannon  
  155  9:17  Photon Cannon  
  155  9:20  Zealot x4  
  155  9:21  Zealot x2  
  166  9:46  Zealot  
  166  9:47  Photon Cannon  
  166  9:48  High Templar x2  
  166  9:49  Stalker x2  
  166  9:50  Stalker x3  
  166  9:51  Photon Cannon  
  182  9:53  Archon  
  182  9:54  Protoss Ground Weapons Level 1 (Chrono Boost)  
  182  9:56  Protoss Ground Armor Level 1 (Chrono Boost)  
  182  10:02  Assimilator  
  182  10:07  Assimilator  
  182  10:19  High Templar x2  
  182  10:20  Stalker x2  
  182  10:21  Zealot x5  
  192  10:23  Archon  
  198  10:39  Pylon  
  198  10:49  Observer  
  197  10:56  Stargate  
  197  11:02  Stargate  
  197  11:10  Observer  
  194  11:31  Warp Prism  
  196  11:34  Stargate  
  196  11:36  Stargate  
  196  11:38  Pylon  
  196  11:41  Pylon  
  196  11:51  Protoss Ground Weapons Level 2 (Chrono Boost), Fleet Beacon, Protoss Ground Armor Level 2 (Chrono Boost), Protoss Air Weapons Level 1  
  194  12:27  Fleet Beacon  
  185  12:42  High Templar x2  
  185  12:43  High Templar  
  185  12:44  High Templar x5  
  192  12:48  Archon  
  192  12:49  Archon x3  
  172  13:17  Zealot x2  
  160  13:25  Zealot x3  
  160  13:26  Zealot x5  
  138  13:28  Phoenix  
  138  13:29  Phoenix x3  
  113  13:35  Zealot  
  113  13:41  High Templar x2  
  106  13:46  Nexus  
  106  13:47  Pylon  
  108  13:50  Pylon  
  108  13:53  Pylon  
  98  13:57  Anion Pulse-Crystals  
  98  13:59  Phoenix x2  
  98  14:00  Gateway, High Templar  
  98  14:01  High Templar, Gateway  
  100  14:04  Zealot, Gateway  
  100  14:05  Zealot x5, Gateway  
  112  14:13  Zealot  
  114  14:23  Phoenix x2  
  106  14:25  High Templar x2  
  106  14:29  Zealot  
  106  14:30  Zealot x4, Photon Cannon  
  118  14:31  Photon Cannon  
  118  14:33  Photon Cannon  
  118  14:35  Warp Prism  
  108  14:39  Phoenix x2  
  112  14:54  High Templar  
  112  14:55  High Templar  
  112  14:56  Phoenix  
  112  14:59  Archon  
  118  15:00  Zealot x3  
  118  15:01  Zealot  
  124  15:13  Phoenix x2  
  128  15:16  Stalker x4  
  128  15:18  Assimilator  
  128  15:20  Zealot x6  
  128  15:21  Zealot x2  
  133  15:37  High Templar x2  
  122  15:43  Archon  
  122  15:48  Zealot x4  
Tags
 
Add a new tag
Caveats
  • Supply blocks, unpowered buildings, or Contaminate may cause inaccurate times.
  • Supply counts are checked every 10 seconds.